 Dungeon Crawl Stone Soup version 0.30-a0-304-gdc4b735fe1 (webtiles) character file.

Game seed: 16999970954442737644

2 blackman the Sneak (level 1, 0/18 HPs)
             Began as a Human Delver on Oct 20, 2022.
             Succumbed to an adder's poison
             ... on level 5 of the Dungeon.
             The game lasted 00:01:01 (271 turns).

blackman the Sneak (Human Delver)                    Turns: 271, Time: 00:01:02

Health: 0/18       AC:  6    Str: 12    XL:     1   Next: 33%
Magic:  1/1        EV:  9    Int: 10    God:
Gold:   0          SH:  0    Dex: 14    Spells: 0/0 levels left

rFire   . . .      SeeInvis .    a - +0 falchion
rCold   . . .      Faith    .    (no shield)
rNeg    . . .      Spirit   .    i - +0 scale mail
rPois   .          Reflect  .    (no helmet)
rElec   .          Harm     .    (no cloak)
rCorr   .          Rampage  .    (no gloves)
Will    .....                    (no boots)
Stlth   +.........               (no amulet)
HPRegen 0.23/turn                (no ring)
MPRegen 0.07/turn                (no ring)

@: lethally poisoned (0 -> -9), very slow
A: no striking features
a: no special abilities


You were on level 5 of the Dungeon.
You visited 1 branch of the dungeon, and saw 3 of its levels.

Inventory:

Hand Weapons
 a - a +0 falchion (weapon)
Armour
 b - a +0 leather armour
 i - a +0 scale mail (worn)
Wands
 g - a wand of digging (3)
Scrolls
 c - a scroll of fog
 e - a scroll of torment {unknown}
Potions
 d - a potion of magic {unknown}
 f - 2 potions of haste
 h - a potion of attraction {unknown}
 j - a potion of heal wounds {unknown}


   Skills:
 - Level 3.0 Fighting
 + Level 2.2 Long Blades
 - Level 2.0 Dodging
 - Level 5.0 Stealth


You couldn't memorise any spells.
You didn't know any spells.
Your spell library was empty.

Dungeon Overview and Level Annotations

Branches:
Dungeon (7/15)
 Temple: D:4-7

Altars:
Makhleb


Message History

You hit the adder but do no damage.
The adder is severely wounded.
The adder closely misses you.
Your unstable footing causes you to fumble your attack.
The adder closely misses you. The adder bites you but does no damage.
Your unstable footing causes you to fumble your attack.
The adder barely misses you. The adder bites you.
You hit the adder.
The adder is severely wounded.
The adder bites you but does no damage.
You barely miss the adder.
The adder is severely wounded.
The adder bites you. The adder closely misses you.
You closely miss the adder.
The adder is severely wounded.
The adder bites you but does no damage.
Your unstable footing causes you to fumble your attack.
The adder closely misses you. x2
You miss the adder.
The adder is severely wounded.
The adder bites you.
Your unstable footing causes you to fumble your attack.
The adder bites you.
You are poisoned.
The adder poisons you! The adder bites you but does no damage.
Your unstable footing causes you to fumble your attack.
You feel sick. The adder bites you but does no damage.
Your unstable footing causes you to fumble your attack.
You feel sick. The adder closely misses you. The adder bites you.
You are lethally poisoned!
The adder poisons you!
Your unstable footing causes you to fumble your attack.
* * * LOW HITPOINT WARNING * * *
You feel sick. The adder bites you.
* * * LOW HITPOINT WARNING * * *
You are more poisoned.
The adder poisons you! The adder barely misses you.
You hit the adder.
You kill the adder!
You die...

.. ...# # .. ..# ♣ ~+
#.. ..# ~♣#♣~# ##..
#.# #♣~♣~♣ #...# ##.#
#♣~$~♣
#..##..##♣~♣~♣#
#......#~♣#♣@♣
#.....'~♣ #♣†S#
##..#..#♣~~♣ #+# #
###..###.##### ....
.##...## #..# ...##
.....## ##.#####....
.....# ##.........#
#....## ##..#.....#.#
#.....###........##.#


You could see a ball python.

Vanquished Creatures
  An adder (D:5)
  An orc (D:6)
2 creatures vanquished.

Notes
Turn   | Place    | Note
-------+----------+-------------------------------------------
     0 | D:5      | blackman the Human Delver began the quest for the Orb.
     0 | D:5      | Reached XP level 1. HP: 18/18 MP: 1/1
    10 | D:5      | Noticed a centaur
    13 | D:5      | Noticed an ice beast
    53 | D:6      | Found a burning altar of Makhleb.
   107 | D:6      | Noticed a necrophage
   110 | D:6      | Noticed an orc warrior
   114 | D:7      | Noticed a gnoll bouda
   117 | D:7      | Noticed a bullfrog
   271 | D:5      | Succumbed to an adder's poison

Illustrated notes

Levels and vault maps discovered:
D:5:      layout_layer_cave, minmay_temple_entry_sparse_star,
          saegor_snake_ambush, uniq_ijyb, uniq_menkaure
D:6:      layout_gridville, mainiacjoe_overflow_cross_hatched,
          cheibrodos_sewer_entry_bend, serial_shops, nicolae_take_the_stairs,
          uniq_duvessa
D:7:      layout_loops_cross, dk_vineyard_1

Action                   || total
-------------------------++-------
Melee: Falchion          ||    27
  Use: Scroll            ||     2
Armor: Scale mail        ||    11
Dodge: Dodged            ||    22

Table legend: (Time is in decaauts)
 A = Elapsed time spent in this place.
 B = Non-inter-level travel time spent in this place.
 C = Inter-level travel time spent in this place.
 D = Time resting spent in this place.
 E = Time spent auto-exploring this place.
 F = Levels seen in this place.
 G = Mean time per level.
                   A        B        C        D        E       F      G
               +--------+--------+--------+--------+--------+-----+--------+
         Total |    278 |    222 |     56 |      0 |     88 |   3 |   92.7 |
       Dungeon |    278 |    222 |     56 |      0 |     88 |   3 |   92.7 |
               +--------+--------+--------+--------+--------+-----+--------+

Top non-repeatable levels by time:
     D:6: 152 daAuts
     D:5: 116 daAuts
     D:7: 9 daAuts
